Map: Thunderbird LE

Players

Special - Winner!

  • Race: Terran Terran
  • League: Master
  • Spawn Location: 11:00

ShoWTimE

  • Race: Protoss Protoss
  • League: Grandmaster
  • Spawn Location: 5:00

Event: HomeStory Cup XX

VOD

Have the link to the VOD?

Description

Time

  • Played on: Nov. 22, 2019, 2:55 p.m.
  • Length: 21:11

All games in this series

Show
View Real Time Build Order
Export as new Build Order

Special Terran - Winner!

Build Orders: Reaper Expand, Mech, Banshee Rush 

Get SALT Encoding   

  12  0:00  SCV  
  13  0:12  SCV  
  14  0:17  Supply Depot  
  14  0:25  SCV  
  15  0:38  SCV  
  15  0:41  Barracks  
  16  0:43  Refinery  
  16  0:50  SCV  
  17  1:03  SCV  
  18  1:15  SCV  
  19  1:28  Reaper  
  19  1:29  Orbital Command  
  20  1:43  Command Center  
  20  1:48  Supply Depot  
  20  1:55  SCV  
  20  2:00  Marine  
  22  2:05  Factory  
  22  2:08  SCV  
  23  2:13  Refinery  
  23  2:19  Bunker  
  23  2:20  SCV  
  24  2:24  Barracks Reactor  
  24  2:32  SCV  
  25  2:44  SCV  
  25  2:51  Widow Mine  
  27  2:53  Starport  
  27  2:55  Orbital Command  
  27  2:56  SCV  
  28  3:00  Marine  
  28  3:03  Marine  
  30  3:08  SCV  
  31  3:13  Factory Tech Lab  
  31  3:21  Marine x2  
  31  3:23  SCV x2  
  35  3:35  SCV x2  
  35  3:36  Cloaking Field, Banshee  
  40  3:44  Supply Depot  
  40  3:47  SCV x2  
  40  3:48  Factory Tech Lab  
  42  3:56  Command Center  
  42  3:59  SCV x2  
  44  4:06  Refinery  
  44  4:07  Refinery  
  44  4:11  SCV x2  
  44  4:15  Supply Depot  
  46  4:19  Raven  
  46  4:21  Marine  
  46  4:23  SCV x2  
  51  4:35  SCV x2  
  51  4:37  Marine, Siege Tank  
  57  4:39  Marine, Supply Depot  
  57  4:44  Supply Depot  
  58  4:47  SCV  
  58  4:48  SCV  
  58  4:54  Marine  
  58  4:57  Marine  
  58  4:59  Hyperflight Rotors, SCV  
  61  5:00  SCV  
  61  5:02  Banshee  
  65  5:11  SCV  
  65  5:12  Marine  
  64  5:14  Marine, Siege Tank  
  64  5:15  Orbital Command  
  64  5:20  SCV  
  69  5:25  Supply Depot  
  69  5:26  SCV  
  70  5:31  Marine  
  70  5:32  Marine  
  70  5:33  SCV  
  70  5:34  Orbital Command  
  73  5:45  Banshee  
  73  5:46  Siege Tank  
  73  5:47  SCV  
  73  5:49  SCV  
  81  5:50  Supply Depot  
  81  5:56  Factory  
  81  5:57  Factory  
  81  6:00  SCV x2  
  81  6:01  SCV  
  84  6:05  Supply Depot  
  84  6:12  SCV x2  
  84  6:13  SCV  
  84  6:16  Supply Depot  
  87  6:22  Barracks Tech Lab, Siege Tank  
  87  6:23  Supply Depot  
  87  6:24  Refinery, SCV x2  
  92  6:25  SCV  
  92  6:26  Refinery  
  92  6:28  Banshee  
  92  6:30  Engineering Bay  
  96  6:36  SCV x2  
  96  6:38  SCV  
  96  6:39  Armory x2  
  99  6:40  Supply Depot  
  99  6:41  Hellion x2  
  103  6:47  Siege Tank  
  103  6:48  SCV  
  107  6:57  Command Center, SCV  
  107  6:59  Siege Tank  
  107  7:00  SCV  
  112  7:05  Hellion x2  
  116  7:09  Supply Depot  
  116  7:15  Factory, Barracks Reactor  
  116  7:16  Factory  
  116  7:18  SCV x2  
  116  7:19  SCV  
  116  7:22  Cyclone  
  122  7:23  Supply Depot  
  122  7:30  Terran Vehicle Weapons Level 1  
  122  7:31  Cyclone  
  122  7:32  SCV x3  
  122  7:34  Supply Depot  
  128  7:41  Terran Vehicle And Ship Armor Level 1  
  128  7:44  SCV x2  
  127  7:56  Hellion x2, Drilling Claws, Cyclone  
  127  7:58  Infernal Pre-Igniter  
  134  8:01  Widow Mine  
  134  8:03  Cyclone  
  134  8:05  SCV x3  
  142  8:19  Widow Mine, Missile Turret  
  146  8:20  Widow Mine x3  
  146  8:21  Missile Turret  
  146  8:22  Cyclone  
  146  8:24  SCV x3  
  156  8:27  Planetary Fortress  
  156  8:28  Cyclone  
  156  8:29  Missile Turret  
  156  8:32  Missile Turret  
  159  8:34  Mag-Field Accelerator  
  159  8:35  Missile Turret  
  159  8:36  SCV x2  
  159  8:37  SCV  
  162  8:41  Refinery  
  162  8:43  Refinery, Widow Mine x2  
  162  8:44  Widow Mine  
  162  8:46  Widow Mine  
  162  8:48  Cyclone  
  173  8:55  SCV x2  
  174  9:09  Widow Mine  
  177  9:10  Widow Mine x3  
  180  9:18  Supply Depot x2  
  180  9:19  Supply Depot  
  180  9:23  Starport  
  179  9:25  Starport  
  179  9:35  Terran Ship Weapons Level 1  
  179  9:39  Cyclone x2  
  179  9:45  Command Center  
  185  9:46  Command Center  
  185  9:48  SCV  
  173  10:03  Widow Mine  
  173  10:04  Widow Mine  
  173  10:05  Cyclone  
  171  10:11  SCV x2, Cyclone  
  173  10:14  SCV  
  173  10:16  Starport Tech Lab x3  
  173  10:18  Terran Vehicle And Ship Armor Level 2  
  173  10:19  Fusion Core  
  174  10:24  Sensor Tower  
  174  10:25  Hellion x3  
  174  10:26  Hellion  
  182  10:30  Missile Turret  
  182  10:31  Command Center  
  182  10:36  Medivac  
  186  10:43  Hellion  
  185  10:50  Supply Depot, Sensor Tower  
  185  10:53  Missile Turret  
  185  10:59  Supply Depot  
  185  11:02  Barracks  
  184  11:10  Battlecruiser x2  
  196  11:12  Weapon Refit  
  196  11:22  Command Center x2  
  196  11:23  Banshee  
  186  11:40  Starport  
  186  11:41  Starport  
  186  11:42  Orbital Command  
  186  11:46  Hellion x3  
  182  11:53  Orbital Command  
  178  12:07  Battlecruiser  
  182  12:08  Sensor Tower  
  182  12:14  Planetary Fortress, Battlecruiser  
  186  12:16  Battlecruiser  
  186  12:17  Starport Tech Lab x2  
  186  12:21  Terran Ship Weapons Level 2  
  185  12:39  Refinery  
  185  12:40  Missile Turret  
  185  12:41  Battlecruiser  
  191  12:44  Battlecruiser  
  191  12:49  Refinery  
  191  12:56  Orbital Command  
  191  12:57  Orbital Command  
  175  13:11  Battlecruiser  
  181  13:18  Battlecruiser  
  181  13:19  Siege Tank  
  181  13:20  Battlecruiser  
  181  13:21  Cyclone  
  176  13:41  Hellion x3  
  181  13:46  Missile Turret, Battlecruiser  
  181  13:47  Missile Turret  
  181  13:48  Missile Turret x2  
  187  13:49  Missile Turret  
  187  13:50  Command Center  
  187  13:51  Terran Vehicle And Ship Armor Level 3  
  187  13:53  Command Center  
  187  13:54  Hellion  
  189  13:58  Widow Mine x3  
  195  14:10  Liberator  
  195  14:20  Battlecruiser  
  195  14:23  Battlecruiser  
  197  14:24  Missile Turret  
  197  14:26  Missile Turret  
  200  15:05  Battlecruiser x2  
  200  15:06  Hellion x3  
  198  15:12  Battlecruiser  
  198  15:13  Cyclone  
  164  15:24  Battlecruiser  
  164  15:27  Battlecruiser  
  170  15:30  Hellion x2, Cyclone  
  156  15:49  Hellion x2, Cyclone x2  
  166  15:52  Liberator  
  166  15:59  Orbital Command  
  166  16:05  Hellion  
  166  16:06  Hellion  
  166  16:09  Widow Mine  
  166  16:10  Battlecruiser  
  166  16:11  Widow Mine  
  183  16:19  Widow Mine  
  183  16:21  Widow Mine, Orbital Command, Cyclone  
  187  16:27  Supply Depot  
  187  16:30  Cyclone  
  187  16:32  Planetary Fortress  
  190  16:42  Cyclone  
  193  16:53  Cyclone  
  187  17:04  Battlecruiser x2  
  199  17:09  Missile Turret  
  199  17:10  Missile Turret x2  
  199  17:12  Missile Turret  
  199  17:14  Missile Turret  
  199  17:29  Terran Ship Weapons Level 3  
  199  17:30  Starport  
  199  17:31  Starport  
  199  17:33  Refinery, Missile Turret  
  199  17:34  Missile Turret  
  199  17:35  Refinery  
  186  17:37  Cyclone x2  
  185  17:48  Battlecruiser  
  185  17:58  Hellion x2  
  186  17:59  Cyclone  
  187  18:06  Hellion  
  187  18:07  Battlecruiser  
  187  18:10  Starport Reactor  
  187  18:11  Starport Reactor  
  191  18:22  Hellion x3, Cyclone  
  191  18:23  Refinery x2  
  193  18:28  SCV x3  
  193  18:30  SCV x2  
  172  18:42  SCV x5  
  175  18:49  Hellion x3  
  175  18:53  Command Center  
  179  18:56  Viking  
  173  19:05  Viking  
  173  19:06  Viking x2  
  173  19:08  SCV  
  180  19:13  Viking  
  180  19:14  Viking x2  
  180  19:15  Viking  
  188  19:17  Viking  
  183  19:26  Viking  
  183  19:29  SCV x4  
  189  19:32  SCV  
  189  19:33  SCV x2  
  189  19:35  Viking  
  194  19:39  Viking x2, Command Center  
  194  19:43  Viking  
  177  20:03  Viking x5  
  177  20:05  Viking  
  183  20:09  Viking x2  
  183  20:13  Viking  
  185  20:22  SCV x2  
  185  20:25  SCV  
  186  20:33  Viking x5  
  190  20:43  SCV x2  
  190  20:48  Missile Turret  
Show
View Real Time Build Order
Export as new Build Order

ShoWTimE Protoss 

Build Orders: 1 Gate Expand, Double Forge, Phoenix Opening, Blink Stalkers 

Get SALT Encoding   

  12  0:00  Probe  
  13  0:12  Probe  
  14  0:17  Pylon  
  14  0:23  Probe  
  15  0:32  Probe  
  15  0:37  Gateway  
  15  0:40  Probe  
  16  0:45  Assimilator  
  17  0:51  Probe  
  18  1:03  Probe  
  19  1:15  Probe  
  20  1:24  Cybernetics Core  
  20  1:32  Nexus  
  20  1:35  Probe  
  21  1:43  Pylon  
  21  1:47  Probe  
  21  1:51  Assimilator, Adept  
  22  1:59  Probe  
  23  2:04  Warp Gate  
  23  2:08  Probe  
  26  2:16  Probe  
  26  2:21  Sentry  
  29  2:26  Probe  
  30  2:38  Probe, Twilight Council  
  31  2:44  Blink  
  31  2:46  Probe  
  31  2:47  Stalker  
  31  2:50  Probe  
  35  2:54  Probe  
  35  2:55  Phoenix  
  36  3:00  Gateway  
  36  3:02  Probe x2  
  38  3:14  Probe x2  
  38  3:17  Pylon  
  40  3:26  Probe x2  
  42  3:33  Robotics Facility  
  42  3:36  Assimilator  
  42  3:38  Probe x2  
  44  3:50  Probe x2  
  44  3:54  Pylon, Stalker  
  48  3:57  Stalker  
  48  4:02  Probe  
  51  4:03  Probe  
  52  4:10  Nexus  
  52  4:14  Probe  
  52  4:15  Pylon, Probe  
  54  4:20  Shield Battery  
  54  4:22  Observer  
  55  4:26  Probe  
  55  4:27  Stalker, Probe  
  55  4:30  Stalker  
  61  4:35  Pylon  
  61  4:38  Probe  
  61  4:39  Probe  
  61  4:43  Observer  
  61  4:45  Charge  
  64  4:50  Probe  
  64  4:52  Probe  
  64  4:53  Forge  
  64  4:54  Forge  
  64  5:00  Phoenix  
  64  5:02  Probe  
  64  5:05  Observer  
  64  5:06  Stalker x2  
  68  5:07  Probe  
  68  5:12  Probe  
  67  5:15  Probe  
  67  5:18  Protoss Ground Armor Level 1  
  67  5:19  Protoss Ground Weapons Level 1  
  67  5:20  Probe  
  69  5:23  Probe  
  69  5:25  Probe  
  72  5:29  Probe  
  72  5:34  Probe  
  74  5:41  Probe, Gateway  
  74  5:42  Probe  
  76  5:43  Gateway  
  76  5:44  Gateway  
  76  5:46  Probe  
  76  5:49  Gateway  
  77  5:50  Probe  
  77  5:53  Stargate  
  77  5:54  Probe x2  
  79  5:58  Probe  
  79  6:00  Gateway  
  79  6:02  Probe  
  81  6:05  Assimilator  
  81  6:06  Probe  
  81  6:08  Probe  
  81  6:09  Assimilator  
  84  6:13  Probe  
  84  6:14  Gateway  
  84  6:18  Probe  
  86  6:19  Stalker x2  
  86  6:22  Probe  
  86  6:23  Assimilator  
  86  6:25  Probe  
  92  6:30  Probe  
  92  6:31  Gateway  
  93  6:33  Pylon  
  93  6:36  Pylon  
  93  6:38  Pylon  
  93  6:39  Pylon  
  93  6:50  Phoenix  
  93  6:51  Immortal  
  93  6:54  Nexus  
  99  6:56  Pylon  
  99  6:58  Probe x3  
  102  7:05  Templar Archives  
  102  7:08  Pylon  
  102  7:10  Probe x3  
  102  7:14  Protoss Ground Weapons Level 2  
  102  7:15  Protoss Ground Armor Level 2, Phoenix  
  105  7:20  Photon Cannon  
  105  7:22  Probe x3  
  110  7:23  Immortal  
  110  7:28  Shield Battery  
  110  7:30  Shield Battery  
  110  7:34  Probe x3  
  115  7:46  Probe x3  
  115  7:47  Phoenix  
  116  7:56  Photon Cannon  
  117  7:58  Probe  
  117  7:59  Probe  
  117  8:00  Warp Prism, Photon Cannon  
  117  8:01  Probe  
  117  8:02  Assimilator  
  117  8:04  High Templar x4  
  117  8:05  Zealot x3  
  133  8:06  Assimilator  
  133  8:09  Archon  
  133  8:10  Archon  
  135  8:13  Robotics Facility  
  135  8:24  Pylon, Photon Cannon  
  135  8:25  Photon Cannon  
  135  8:27  Pylon, High Templar x2  
  135  8:28  Zealot x2  
  135  8:30  Observer  
  135  8:32  Archon  
  143  8:38  Gateway  
  143  8:40  Gateway  
  143  8:41  Gateway  
  144  8:44  Gateway  
  144  8:46  Pylon  
  144  8:49  High Templar  
  144  8:50  High Templar, Zealot x3  
  144  8:54  Archon  
  144  8:55  Pylon, Zealot  
  156  9:06  High Templar x2, Zealot  
  158  9:10  Robotics Bay  
  158  9:11  Nexus  
  158  9:12  Archon  
  158  9:13  Photon Cannon  
  158  9:14  Shield Battery  
  158  9:16  Zealot x2  
  162  9:21  High Templar x2  
  166  9:24  Pylon  
  166  9:25  Archon  
  166  9:26  Pylon  
  162  9:39  Protoss Ground Armor Level 3  
  162  9:43  Zealot  
  162  9:44  Zealot x10  
  184  9:57  Probe x3  
  166  10:02  Protoss Ground Weapons Level 3  
  147  10:09  Probe x2  
  141  10:14  Disruptor x2  
  141  10:16  Zealot  
  141  10:17  Zealot x7  
  155  10:21  Zealot x3  
  161  10:28  High Templar x2  
  161  10:30  Protoss Air Weapons Level 1  
  161  10:33  Archon, Fleet Beacon  
  165  10:39  Stargate  
  165  10:44  Immortal x2, Stargate  
  165  10:46  Stalker x4  
  173  11:06  Assimilator  
  173  11:08  Assimilator  
  173  11:10  Photon Cannon  
  173  11:13  Carrier  
  179  11:25  Carrier  
  175  11:32  Pylon  
  173  11:35  Carrier  
  180  11:41  Stalker x4  
  180  11:46  Nexus  
  180  11:49  Pylon  
  180  11:53  Assimilator  
  180  11:55  Assimilator  
  171  12:03  Probe x2  
  171  12:04  Stargate  
  171  12:11  Probe  
  171  12:12  Stalker x2  
  174  12:19  Carrier  
  186  12:36  Zealot x3  
  186  12:37  Zealot x4  
  198  12:40  Gravitic Boosters  
  198  12:41  Dark Shrine  
  194  12:52  Protoss Shields Level 1  
  194  12:58  Mothership  
  194  13:01  Protoss Air Weapons Level 2  
  192  13:13  Tempest  
  190  13:25  Tempest x2  
  195  13:37  Gravitic Drive  
  195  13:39  Tempest  
  189  13:43  Warp Prism, Photon Cannon  
  189  13:44  Warp Prism  
  189  13:46  Photon Cannon  
  189  13:48  Tempest, Photon Cannon  
  193  13:50  Photon Cannon  
  193  13:53  Photon Cannon  
  193  13:55  Shadow Stride  
  193  13:57  Shield Battery  
  193  14:00  Photon Cannon  
  196  14:05  Photon Cannon  
  196  14:08  Pylon  
  196  14:09  Pylon  
  194  14:20  Observer  
  194  14:28  Tempest  
  197  14:37  Tempest  
  189  14:53  Tempest x2  
  189  14:58  Stalker x6  
  199  15:06  Stalker x5  
  199  15:07  Stalker  
  199  15:11  Tempest  
  192  15:19  Stalker  
  192  15:20  Tempest  
  151  15:36  Tempest x2  
  151  15:42  Protoss Shields Level 2  
  153  15:46  Probe x3  
  153  15:49  Probe  
  157  15:55  Probe  
  157  15:56  Dark Templar, Probe  
  159  15:58  Probe  
  159  16:01  Probe  
  159  16:04  Probe x2  
  163  16:09  Stalker  
  163  16:10  Probe  
  168  16:12  Probe x2  
  168  16:13  Probe  
  171  16:23  Probe  
  171  16:25  Tempest x2  
  177  16:29  Probe x2  
  183  16:42  Oracle  
  183  16:46  Zealot  
  183  16:47  Zealot x2  
  189  16:49  Dark Templar  
  179  17:07  High Templar x3  
  183  17:08  High Templar  
  183  17:12  Archon x2, Nexus  
  183  17:15  High Templar x6  
  195  17:19  Archon x3  
  197  17:24  Protoss Air Weapons Level 3  
  197  17:33  Stalker  
  197  17:36  Stalker x2  
  188  17:44  Zealot x4  
  188  17:51  Zealot x6  
  188  17:56  Observer  
  190  18:01  Stalker x2  
  190  18:02  Stalker  
  192  18:10  Dark Templar x3  
  192  18:12  Pylon  
  198  18:21  Zealot  
  196  18:36  Probe x2  
  178  18:45  High Templar x4  
  178  18:46  Zealot x7  
  200  18:50  Archon x2  
  200  18:58  Stalker  
  192  19:12  Dark Templar x3  
  190  19:35  Photon Cannon  
  190  19:37  Observer, Photon Cannon  
  191  19:39  Photon Cannon  
  191  19:43  Photon Cannon  
  191  19:44  Nexus  
  191  19:46  Pylon, Photon Cannon  
  191  19:47  Photon Cannon  
  191  19:50  Pylon  
  173  19:53  Stalker x3  
  156  20:10  Probe x4  
  133  20:22  Probe x3  
  134  20:30  Probe  
  124  20:36  High Templar x4  
  124  20:38  High Templar  
  124  20:42  Archon x2, High Templar  
  134  20:43  High Templar  
  134  20:46  High Templar  
  134  20:49  Archon  
  140  20:51  Archon  
Tags
 
Add a new tag
Caveats
  • Supply blocks, unpowered buildings, or Contaminate may cause inaccurate times.
  • Supply counts are checked every 10 seconds.